 Dungeon Crawl Stone Soup version 0.30-a0-778-g2ef04afb54 (console) character file.

Game seed: 15320370579154252366

1466 rlgrobin the Protected (level 9, -1/77 HPs)
             Began as a Meteoran Fighter on Feb 16, 2023.
             Was a Follower of Hepliaklqana.
             Slain by a gnoll bouda
             ... wielding a +0 whip
              (8 damage)
             ... on level 5 of the Dungeon.
             The game lasted 00:05:05 (903 turns).

rlgrobin the Protected (Meteoran Fighter)            Turns: 903, Time: 00:05:05

Health: -1/77      AC: 11    Str: 22    XL:     9   Next: 26%
Magic:  10/10      EV:  8    Int:  9    God:    Hepliaklqana [*.....]
Gold:   73         SH:  9    Dex: 15    Spells: 8/8 levels left

rFire   . . .      SeeInvis .    a - +0 war axe
rCold   . . .      Faith    .    o - +0 kite shield
rNeg    . . .      Spirit   .    b - +0 scale mail
rPois   .          Reflect  .    (no helmet)
rElec   .          Harm     .    (no cloak)
rCorr   .          Rampage  .    (no gloves)
Will    +....                    f - +1 pair of boots Stlth
                                 (no amulet)
HPRegen 0.32/turn                (no ring)
MPRegen 0.12/turn                (no ring)

@: lethally poisoned (-1 -> -24), glowing
A: reduced essence, sense surroundings 2, otherworldly, glowing, explore regen
a: Renounce Religion, Recall Ancestor, Ancestor Identity


You were on level 5 of the Dungeon.
You worshipped Hepliaklqana.
Hepliaklqana was aware of your devotion.
You visited 1 branch of the dungeon, and saw 5 of its levels.
You also visited: Sewer.

You collected 73 gold pieces.

Inventory:

Hand Weapons
 a - a +0 war axe (weapon)
Armour
 b - a +0 scale mail (worn)
 f - a +1 pair of boots (worn)
 o - a +0 kite shield (worn)
Scrolls
 h - a scroll of enchant weapon {unknown}
Potions
 d - a potion of attraction {unknown}
 e - a potion of magic
 g - a potion of invisibility
 i - 3 potions of haste
 l - a potion of brilliance {unknown}
 m - a potion of resistance {unknown}
 n - a potion of heal wounds


   Skills:
 + Level 10.5 Fighting
 + Level 10.2 Axes
 - Level 11.3 Armour
 - Level 3.6 Shields


You had 8 spell levels left.
You didn't know any spells.
Your spell library was empty.

Dungeon Overview and Level Annotations

Branches:
Dungeon (5/15) Zot: 2470    Sewer (visited)
 Temple: D:4-7

Altars:
Hepliaklqana

Shops:
D:2 (


Innate Abilities, Weirdness & Mutations

Your life essence is reduced to manifest your ancestor. (-10% HP)
You passively map the area around you.
You are easily found by Zot.
You glow in the dark.
You regain HP and MP as you explore.


Message History

The gnoll sergeant hits you with a +1 trident of venom.
* * * LOW HITPOINT WARNING * * *
You are more poisoned.
You block the gnoll bouda's attack.
It was a potion of heal wounds.
You feel much better.
You feel extremely sick.
A hound comes into view.
The gnoll sergeant hits you with a +1 trident of venom!
You are more poisoned.
Ur-Dumizida barely misses the gnoll sergeant.
The gnoll bouda hits you with a +0 whip!
It was a potion of experience.
You feel more experienced!
Your Fighting skill gained 7 levels and is now at level 10!
Your Armour skill gained 8 levels and is now at level 11!
You have reached level 9!
Your experience leads to an increase in your attributes!
Increase (S)trength, (I)ntelligence, or (D)exterity?
You feel agile. x2; You feel stronger.
Your attunement to dungeon structure grows.
Ur-Dumizida remembers more of their old skill.
* * * LOW HITPOINT WARNING * * *
You feel extremely sick.
A hound comes into view.
Ur-Dumizida barely misses the gnoll sergeant.
The gnoll sergeant closely misses you.
The gnoll bouda gazes fiercely through you!
You feel your attacks grow feeble.
The gnoll bouda hits you with a +0 whip.
* * * LOW HITPOINT WARNING * * *
The gnoll hits you but does no damage.
It was a potion of cancellation.
Your magical effects are unravelling.
You feel magically purged.
You flicker back into view.
Your attacks no longer feel as feeble.
* * * LOW HITPOINT WARNING * * *
You feel very sick.
Ur-Dumizida hits the gnoll sergeant.
You block the gnoll sergeant's attack.
The gnoll bouda hits you with a +0 whip!
You die...

#.. .. , * * ~ ~
#....#.. ....### *
* ,
~*#.....##........
~ ~*#?.#...
......, , *#.#..#
....#* , ~ ,
##....##...# , * ~
+.#.......#* , ,,*
* , +......Rg.##,,
* , +.....)@g..# *
, ,
~#......##g.....
~, ~#....)##
..h.., ##...[##,
,h... ' ~
##...).## , ... *
##.......## ,, ..
** , ~ ~
##.........# , ,.,
, , ~
##..).......... *
,,, ~
##.).)..##....g.#
, , , ,


You could see the friendly Ur-Dumizida the ancestor, a gnoll sergeant (swift,
ally target), a gnoll bouda, 2 hounds and a gnoll (swift).

Vanquished Creatures
  Sigmund (D:3)
  Eustachio (D:5)
  A kobold brigand (Sewer)
  A gnoll sergeant (D:5)
  A hound (D:5)
  5 gnolls (D:5)
  8 adders
  6 river rats
  3 dart slugs
  3 bats (D:2)
  4 giant cockroaches
  A goblin (D:2)
  2 hobgoblins
  5 ball pythons
  19 kobolds
  25 rats
86 creatures vanquished.

Vanquished Creatures (collateral kills)
  5 gnolls (D:5)
5 creatures vanquished.

Grand Total: 91 creatures vanquished

Notes
Turn   | Place    | Note
-------+----------+-------------------------------------------
     0 | D:1      | rlgrobin the Meteoran Fighter began the quest for the Orb.
     0 | D:1      | Reached XP level 1. HP: 19/19 MP: 2/2
    25 | D:1      | Reached XP level 2. HP: 26/26 MP: 3/3
    26 | D:2      | Found a hazy altar of Hepliaklqana.
    41 | D:2      | Became a worshipper of Hepliaklqana the Forgotten
    96 | D:2      | Reached XP level 3. HP: 31/31 MP: 4/4
   213 | D:2      | Found Rik Necw's Antique Weapon Shop.
   261 | D:3      | Noticed Sigmund
   265 | D:3      | Reached XP level 4. HP: 34/34 MP: 5/5
   288 | D:3      | Found a glowing drain.
   299 | D:3      | Reached skill level 5 in Axes
   303 | Sewer    | Entered a sewer
   330 | Sewer    | Noticed a kobold brigand
   363 | Sewer    | Killed a kobold brigand
   364 | Sewer    | Reached XP level 5. HP: 3/45 MP: 6/6
   495 | Sewer    | Reached XP level 6. HP: 35/51 MP: 7/7
   728 | D:3      | Killed Sigmund
   729 | D:3      | Reached XP level 7. HP: 52/57 MP: 8/8
   729 | D:3      | You fall into a shaft and drop 1 floor!
   776 | D:4      | Reached * piety under Hepliaklqana
   805 | D:5      | Entered Level 5 of the Dungeon
   812 | D:5      | Noticed Eustachio
   846 | D:5      | Killed Eustachio
   847 | D:5      | Reached skill level 10 in Axes
   847 | D:5      | Reached XP level 8. HP: 32/56 MP: 9/9
   902 | D:5      | Reached skill level 10 in Fighting
   902 | D:5      | Reached skill level 11 in Armour
   902 | D:5      | Gained mutation: You passively map the area around you.
                  | [Meteoran growth]
   902 | D:5      | Reached XP level 9. HP: 23/77 MP: 10/10
   903 | D:5      | Slain by a gnoll bouda

Illustrated notes

Levels and vault maps discovered:
D:1:      evilmike_arrival_crescent, layout_basic, nicolae_nh_oracle_at_delphi
D:2:      layout_rooms, serial_shops, shop, basic_altar
D:3:      layout_rooms, portal_sewer_entry_e, uniq_grinder, uniq_sigmund,
          uniq_crazy_yiuf_cottage
D:4:      layout_gridville, jmf_multi_god_temple, minmay_temple_entry_glass,
          uniq_edmund
D:5:      layout_cave_pools, makhleb_grotto_becter, serial_gnoll_camp,
          gnoll_camp_mini_hut, gnoll_camp_huts_basic, gnoll_camp_mini_doghouse,
          gnoll_camp_mini_shop, grums_kennel, kennysheep_cluttered_room,
          lemuel_flame_loot_1, uniq_eustachio

Skill      XL: |  1  2  3  4  5  6  7  8 |
---------------+-------------------------+-----
Axes           | 3 4 6 8 10 | 10.2
Fighting       | 10 | 10.5
Armour         | 11 | 11.3
Shields        | |  3.6

Action                     |  1- 3 |  4- 6 |  7- 9 || total
---------------------------+-------+-------+-------++-------
  Melee: War axe           |    56 |   133 |    45 ||   234
    Use: Scroll            |     2 |     1 |       ||     3
         Potion            |       |     3 |     5 ||     8
   Stab: Distracted        |       |       |     2 ||     2
 Armour: Scale mail        |    34 |    71 |    11 ||   116
  Dodge: Dodged            |    26 |    64 |    13 ||   103
  Block: Buckler           |    18 |    45 |    11 ||    74
         Kite shield       |       |       |     9 ||     9

Table legend: (Time is in decaauts)
 A = Elapsed time spent in this place.
 B = Non-inter-level travel time spent in this place.
 C = Inter-level travel time spent in this place.
 D = Time resting spent in this place.
 E = Time spent auto-exploring this place.
 F = Levels seen in this place.
 G = Mean time per level.
                   A        B        C        D        E       F      G
               +--------+--------+--------+--------+--------+-----+--------+
         Total |    927 |    927 |      0 |      0 |      0 |   6 |  154.5 |
       Dungeon |    528 |    528 |      0 |      0 |      0 |   5 |  105.6 |
         Sewer |    398 |    398 |      0 |      0 |      0 |   1 |  398.0 |
               +--------+--------+--------+--------+--------+-----+--------+

Top non-repeatable levels by time:
   Sewer: 398 daAuts
     D:2: 241 daAuts
     D:3: 100 daAuts
     D:5: 82 daAuts
     D:4: 76 daAuts
     D:1: 28 daAuts
